 Dungeon Crawl Stone Soup version 0.29-a0-380-gf50f0a9fbc (webtiles) character file.

Game seed: 2446423745147400494

222 Chaicat the Cudgeller (level 5, -1/42 HPs)
             Began as a Demonspawn Monk on May 5, 2022.
             Was a Believer of Okawaru.
             Slain by a gnoll
             ... wielding a +0 halberd
             ... led by a gnoll shaman
              (11 damage)
             ... on level 4 of the Dungeon.
             The game lasted 00:07:15 (3653 turns).

Chaicat the Cudgeller (Demonspawn Monk)             Turns: 3653, Time: 00:07:16

Health: -1/42      AC:  6    Str: 13    XL:     5   Next: 66%
Magic:  5/5        EV: 12    Int: 12    God:    Okawaru [**....]
Gold:   152        SH:  0    Dex: 17    Spells: 4/4 levels left

rFire   . . .      SeeInvis .   a - +0 mace
rCold   . . .      Faith    .   (no shield)
rNeg    . . .      Spirit   .   f - +1 ring mail
rPois   .          Reflect  .   (helmet restricted)
rElec   .          Harm     .   (no cloak)
rCorr   .          Rampage  .   (no gloves)
Will    .....                   (no boots)
Stlth   ..........              (no amulet)
HPRegen 0.14/turn               (no ring)
MPRegen 0.09/turn               (no ring)

@: confused, ambrosia-drunk
A: horns 1, large bone plates 1, ignite blood 1, agile 1
a: Renounce Religion, Heroism


You were on level 4 of the Dungeon.
You worshipped Okawaru.
Okawaru was pleased with you.
You visited 1 branch of the dungeon, and saw 5 of its levels.

You collected 152 gold pieces.

Inventory:

Hand Weapons
 a - a +0 mace (weapon)
 v - the +8 hunting sling of the Ancients {venom, rC- rN+ Int+4 SInv}
   (You found it on level 4 of the Dungeon)

   Any ammunition fired from it poisons the flesh of those it strikes.
   Int:       It affects your intelligence (+4).
   rC:        It makes you vulnerable to cold.
   rN:        It protects you from negative energy.
   SInv:      It lets you see invisible.
Armour
 f - a +1 ring mail (worn)
Wands
 t - a wand of flame (11)
Scrolls
 b - a scroll of enchant armour
 d - a scroll of identify
 i - a scroll of magic mapping {unknown}
 n - 2 scrolls of teleportation {unknown}
 p - a scroll of noise {unknown}
 r - a scroll of poison {unknown}
 s - a scroll of amnesia {unknown}
Potions
 e - a potion of flight {unknown}
 g - 2 potions of mutation
 h - a potion of brilliance {unknown}
 j - 2 potions of degeneration {unknown}
 k - 2 potions of heal wounds {unknown}
 l - 2 potions of curing
 m - a potion of invisibility {unknown}
 o - a potion of cancellation {unknown}
 q - a potion of might {unknown}
 u - a potion of haste {unknown}


   Skills:
 + Level 4.0 Fighting
 + Level 4.2 Maces & Flails
 + Level 2.1 Armour
 + Level 3.2 Dodging
 - Level 2.0 Stealth


You had 4 spell levels left.
You didn't know any spells.
Your spell library contained the following spells:

 Spells                   Type           Power      Damage    Failure   Level
 Blink                    Tloc           0%         N/A       71%         2
 Manifold Assault         Tloc           0%         N/A       100%        5
 Storm Form               Tmut/Air       0%         N/A       100%        7


Dungeon Overview and Level Annotations

Branches:
Dungeon (5/15)
 Temple: D:4-7

Altars:
Okawaru
Yredelemnul
Zin

Shops:
D:2 *


Innate Abilities, Weirdness & Mutations

You have a pair of small horns on your head.
You are partially covered in large bone plates. (SH +4)
Your demonic aura sometimes causes spilled blood to erupt in flames.
You are agile. (Dex +2)


Message History

The goblin misses you. The gnoll closely misses you.
The gnoll shaman calls upon its god to speed up the gnoll.
The gnoll seems to speed up.
You barely miss the gnoll.
The gnoll is moderately wounded.
You block the gnoll's attack. The gnoll closely misses you.
The goblin barely misses you. The gnoll hits you but does no damage.
The gnoll closely misses you. The gnoll attacks as you move away!
The gnoll hits you with a +0 whip. The goblin hits you with a +0 club.
The gnoll hits you from afar with a +0 halberd.
The gnoll hits you with a +0 flail.
The gnoll misses you. x2; The goblin closely misses you.
The gnoll barely misses you. The gnoll attacks as you move away!
The gnoll closely misses you. The gnoll hits you with a +0 flail.
The gnoll hits you from afar with a +0 halberd.
The goblin attacks as you move away! The goblin closely misses you.
You hit the goblin.
You kill the goblin!
Okawaru accepts your kill. The gnoll misses you. You block the gnoll's attack.
You hit the gnoll.
The gnoll is moderately wounded.
The gnoll hits you but does no damage. The gnoll hits you with a +0 flail.
* * * LOW HITPOINT WARNING * * *
The gnoll hits you from afar with a +0 halberd!
* * * LOW HITPOINT WARNING * * *
You are confused.
You feel invigorated. The gnoll closely misses you.
The gnoll barely misses you.
You bump into the rock wall.
The gnoll barely misses you. x2
The gnoll completely misses you.
You bump into the rock wall.
The gnoll hits you but does no damage. x2
You bump into the rock wall.
The gnoll hits you from afar with a +0 halberd!
* * * LOW HITPOINT WARNING * * *
The gnoll misses you.
The gnoll hits you from afar with a +0 halberd!
You die...

#.......##.##.## ####..o
#............... [......
#............... .?.....
#.............. .....g.
#.............. .......
#.....gg....... .......
#....ggK.g..... .......
###############g##...###
.###..#
##.........#..##@##...##
#..
.......).......#........
...
.......8.......'.........
...............#.........
.#...........###.....####
.#..###......###.....#
##..........§.#.......+
.#........§§§§#.......#
.#.......§§§§§§.......#


You could see a gnoll shaman, 4 gnolls and a kobold.

Vanquished Creatures
  A water moccasin skeleton (D:4)
  Terence (D:3)
  2 hound zombies (D:4)
  5 adders
  An adder skeleton (D:4)
  3 dart slugs
  An orc (D:3)
  8 ball pythons
  7 endoplasms
  3 giant cockroaches
  6 goblins
  4 hobgoblins
  6 jackals (D:1)
  A quokka (D:1)
  4 bats
  3 frilled lizards
  4 kobolds (D:2)
  3 rats
63 creatures vanquished.

Notes
Turn   | Place    | Note
-------+----------+-------------------------------------------
     0 | D:1      | Chaicat the Demonspawn Monk began the quest for the Orb.
     0 | D:1      | Reached XP level 1. HP: 18/18 MP: 1/1
   164 | D:1      | Gained mutation: You have a pair of small horns on your
                  | head. [demonic ancestry]
   164 | D:1      | Reached XP level 2. HP: 24/24 MP: 2/2
   440 | D:1      | Found a faded altar of an unknown god.
   579 | D:1      | Gained mutation: Your demonic aura sometimes causes spilled
                  | blood to erupt in flames. [demonic ancestry]
   579 | D:1      | Reached XP level 3. HP: 29/29 MP: 3/3
  1250 | D:2      | Found Pofuxt's Assorted Antiques.
  1580 | D:2      | Reached skill level 1 in Armour
  1881 | D:3      | Noticed Terence
  1891 | D:3      | Killed Terence
  1892 | D:3      | Reached XP level 4. HP: 25/36 MP: 4/4
  2892 | D:3      | Gained mutation: You are agile. (Dex +2) [potion of
                  | mutation]
  3144 | D:4      | Gained mutation: You are partially covered in large bone
                  | plates. (SH +4) [demonic ancestry]
  3144 | D:4      | Reached XP level 5. HP: 41/42 MP: 5/5
  3301 | D:4      | Found an iron altar of Okawaru.
  3304 | D:4      | Found a basalt altar of Yredelemnul.
  3319 | D:4      | Became a worshipper of Warmaster Okawaru
  3319 | D:4      | Reached * piety under Okawaru
  3319 | D:4      | Reached ** piety under Okawaru
  3371 | D:5      | Entered Level 5 of the Dungeon
  3621 | D:4      | Identified the +8 hunting sling of the Ancients {venom, rC-
                  | rN+ Int+4 SInv}
  3649 | D:4      | HP: 1/42 [gnoll/+0 halberd[a gnoll shaman] (8)]
  3653 | D:4      | Slain by a gnoll

Illustrated notes

Levels and vault maps discovered:
D:1:      mainiacjoe_arrival_reflecting_pool, layout_loops_ring,
          nicolae_ecumenical_snake_handling, nrook_campfire
D:2:      layout_loops_corners, serial_shops, nicolae_lakefront_shop
D:3:      layout_basic, serial_glass, glass_columns_a, glass_columns_a,
          glass_columns_b, glass_columns_c, glass_columns_b, glass_columns_b,
          glass_columns_a, glass_columns_c, glass_columns_b, glass_columns_b,
          uniq_terence
D:4:      layout_gridville, nicolae_overflow_quartered_altars,
          minmay_temple_entry_large_hall, serial_undead, serial_undead_a,
          serial_undead_d, serial_undead_d, serial_undead_d
D:5:      layout_basic, minmay_increasing_density, uniq_eustachio

Skill      XL: |  1  2  3  4  5 |
---------------+----------------+-----
Maces & Flails | 3 4 |  4.2
Stealth        | 2 |  2.0
Dodging        | 3 |  3.2
Armour         | 1 2 |  2.1
Fighting       | 4 |  4.0

Action                   |  1- 3 |  4- 6 || total
-------------------------+-------+-------++-------
Melee: Mace              |   110 |    85 ||   195
       Headbutt          |    17 |    15 ||    32
       Punch             |     2 |     2 ||     4
  Use: Scroll            |       |     2 ||     2
       Potion            |       |     2 ||     2
 Stab: Sleeping          |     3 |     3 ||     6
Armor: Robe              |     3 |       ||     3
       Leather armour    |    11 |       ||    11
       Ring mail         |    32 |    33 ||    65
Dodge: Dodged            |    81 |    66 ||   147
Block: Other             |       |     7 ||     7

Table legend: (Time is in decaauts)
 A = Elapsed time spent in this place.
 B = Non-inter-level travel time spent in this place.
 C = Inter-level travel time spent in this place.
 D = Time resting spent in this place.
 E = Time spent auto-exploring this place.
 F = Levels seen in this place.
 G = Mean time per level.
                   A        B        C        D        E       F      G
               +--------+--------+--------+--------+--------+-----+--------+
         Total |   3700 |   3460 |    240 |    278 |   2570 |   5 |  740.0 |
       Dungeon |   3700 |   3460 |    240 |    278 |   2570 |   5 |  740.0 |
               +--------+--------+--------+--------+--------+-----+--------+

Top non-repeatable levels by time:
     D:3: 1309 daAuts
     D:2: 984 daAuts
     D:1: 889 daAuts
     D:4: 351 daAuts
     D:5: 164 daAuts
